 Dungeon Crawl Stone Soup version 0.28-a0-1493-g08698888e4 (webtiles) character file.

Game seed: 456977131374627710

93 croobank the Insei (level 4, -1/36 HPs)
             Began as a Draconian Transmuter on Jan 12, 2022.
             Slain by Natasha (7 damage)
             ... on level 2 of the Dungeon.
             The game lasted 00:04:57 (1503 turns).

croobank the Insei (Draconian Transmuter)           Turns: 1503, Time: 00:04:57

Health: -1/36      AC:  0    Str: 13    XL:     4   Next: 36%
Magic:  7/7        EV: 20    Int: 13    God:
Gold:   65         SH:  0    Dex: 18    Spells: 5/8 levels left

rFire   . . .      SeeInvis .     - Unarmed
rCold   . . .      Faith    .   (shield currently unavailable)
rNeg    . . .      Spirit   .   (armour unavailable)
rPois   .          Reflect  .   (helmet currently unavailable)
rElec   .          Harm     .   (cloak currently unavailable)
rCorr   .          Rampage  .   (gloves currently unavailable)
Will    .....                   (boots currently unavailable)
Stlth   ++........              (no amulet)
HPRegen 0.12/turn               (ring currently unavailable)
MPRegen 0.10/turn               (ring currently unavailable)

@: bat-form (expiring), flying, slowed, quick
A: fast, flying, no casting, AC +5, tiny, unfitting armour, (cold-blooded)
a: no special abilities


You were on level 2 of the Dungeon.
You were a bat.
You visited 1 branch of the dungeon, and saw 2 of its levels.

You collected 65 gold pieces.

Inventory:

Hand Weapons
 b - a +0 arbalest (melded)
Missiles
 a - 47 stones
 f - 29 arrows
 g - 8 bolts
Scrolls
 c - a scroll of identify {unknown}
 e - a scroll of immolation {unknown}
 h - a scroll of fog {unknown}
 j - a scroll of noise {unknown}
Potions
 d - a potion of attraction {unknown}
 i - a potion of heal wounds {unknown}


   Skills:
 + Level 2.2 Fighting
 * Level 0.7 Crossbows
 + Level 2.4 Dodging
 - Level 3.3 Unarmed Combat
 + Level 2.5 Spellcasting
 + Level 2.6 Transmutations


You had 5 spell levels left.
You knew the following spells:

 Your Spells              Type           Power      Damage    Failure   Level
a - Beastly Appendage     Tmut           16%        N/A       9%          1
b - Wereblood             Tmut           8%         N/A       12%         2

Your spell library contained the following spells:

 Spells                   Type           Power      Damage    Failure   Level
 Spider Form              Tmut/Pois      5%         N/A       38%         3
 Ice Form                 Ice/Tmut       5%         N/A       80%         4


Dungeon Overview and Level Annotations

Branches:
Dungeon (2/15)

Altars:

Annotations:
D:2 Natasha


Innate Abilities, Weirdness & Mutations

You are a bat.
You are tiny and dextrous.
You move quickly.
You are flying.
Your equipment is almost entirely melded.
You are incapable of wielding weapons or throwing items.
You cannot cast spells.
((Your plain brown scales are hard. (AC +5)))
You cannot fit into any form of body armour.
((You are cold-blooded and may be slowed by cold attacks.))


Message History

You hit Natasha but do no damage.
Natasha is moderately wounded.
The crimson imp shouts, "Run away, thou pandering fen-sucked bloater!"
Natasha claws you! Natasha completely misses you.
You hit Natasha.
Natasha is moderately wounded.
Natasha casts a spell at you. You resist with some effort.
You hit Natasha but do no damage.
Natasha is moderately wounded.
Natasha zaps a wand.
You resist with some effort.
You hit Natasha.
Natasha is heavily wounded.
Natasha misses you. Natasha completely misses you.
You hit Natasha but do no damage.
Natasha is heavily wounded.
Natasha claws you.
You hit Natasha but do no damage.
Natasha is heavily wounded.
Your transformation is almost over.
The crimson imp blinks!
Natasha claws you! The crimson imp closely misses you. Natasha misses you.
You hit Natasha but do no damage.
Natasha is heavily wounded.
The crimson imp disappears in a puff of smoke!
Natasha completely misses you.
You hit Natasha but do no damage.
Natasha is heavily wounded.
Natasha claws you.
You hit Natasha but do no damage.
Natasha is heavily wounded.
Natasha barely misses you. Natasha misses you.
You hit Natasha.
Natasha is heavily wounded.
Natasha claws you!
* * * LOW HITPOINT WARNING * * *
You barely miss Natasha.
Natasha is heavily wounded.
Natasha claws you!
You die...

#.....#
#.######
#.#####
#.# #.#
#.# #.#
#.# #.#
#.# #.#
#.. #.#
###
#.#######
#.bh....#
#######...


You could see Natasha.

Vanquished Creatures
  Natasha (D:2)
  3 gnolls (D:2)
  2 adders (D:2)
  An endoplasm (D:2)
  A giant cockroach (D:1)
  A goblin (D:1)
  4 hobgoblins
  2 kobolds
  A quokka (D:2)
  3 ball pythons
  2 bats
  3 rats
24 creatures vanquished.

Notes
Turn   | Place    | Note
-------+----------+-------------------------------------------
     0 | D:1      | croobank the Draconian Transmuter began the quest for the
                  | Orb.
     0 | D:1      | Reached XP level 1. HP: 16/16 MP: 3/3
   313 | D:1      | Reached XP level 2. HP: 23/23 MP: 3/5
  1183 | D:2      | Reached XP level 3. HP: 29/29 MP: 6/6
  1374 | D:2      | Learned a level 2 spell: Wereblood
  1407 | D:2      | Noticed Natasha
  1409 | D:2      | Killed Natasha
  1410 | D:2      | Reached XP level 4. HP: 36/36 MP: 7/7
  1483 | D:2      | Noticed Natasha
  1503 | D:2      | Slain by Natasha

Illustrated notes

Levels and vault maps discovered:
D:1:      dpeg_arrival_water_fire, layout_basic, serial_bayou,
          serial_bayou_lagoon_a, serial_bayou_shore_b, serial_bayou_lake_a,
          serial_bayou_pond_a
D:2:      layout_loops_ring, uniq_terence, uniq_natasha

Skill      XL: |  1  2  3 |
---------------+----------+-----
Dodging        | 2 |  2.4
Fighting       | 2 |  2.2
Crossbows      | |  0.7
Unarmed Combat | |  3.3
Spellcasting   | |  2.5
Transmutations | |  2.6

Action                   |  1- 3 |  4- 6 || total
-------------------------+-------+-------++-------
Melee: Unarmed           |    38 |    17 ||    55
       Kick              |     9 |       ||     9
       Headbutt          |     6 |       ||     6
       Tailslap          |     2 |       ||     2
       Punch             |     1 |       ||     1
 Fire: Arbalest          |    16 |     3 ||    19
 Cast: Beastly Appendage |     9 |       ||     9
Armor: Skin              |     4 |       ||     4
Dodge: Dodged            |    34 |    12 ||    46

Table legend: (Time is in decaauts)
 A = Elapsed time spent in this place.
 B = Non-inter-level travel time spent in this place.
 C = Inter-level travel time spent in this place.
 D = Time resting spent in this place.
 E = Time spent auto-exploring this place.
 F = Levels seen in this place.
 G = Mean time per level.
                   A        B        C        D        E       F      G
               +--------+--------+--------+--------+--------+-----+--------+
         Total |   1560 |   1498 |     62 |    202 |   1015 |   2 |  780.0 |
       Dungeon |   1560 |   1498 |     62 |    202 |   1015 |   2 |  780.0 |
               +--------+--------+--------+--------+--------+-----+--------+

Top non-repeatable levels by time:
     D:1: 1080 daAuts
     D:2: 479 daAuts
